 Dungeon Crawl Stone Soup version 0.22-a0-417-g1387785 (webtiles) character file.

63 Mgcat the Sneak (level 3, -3/24 HPs)
             Began as a Vampire Enchanter on May 14, 2018.
             Slain by Crazy Yiuf
             ... wielding a +3 quarterstaff of chaos
              (6 damage)
             ... on level 2 of the Dungeon.
             The game lasted 00:04:52 (1762 turns).

Mgcat the Sneak (Vampire Enchanter)                 Turns: 1762, Time: 00:04:52

Health: -3/24      AC:  4    Str:  7    XL:     3   Next: 89%
Magic:  2/6        EV: 12    Int: 18    God:
Gold:   31         SH:  0    Dex: 14    Spells: 0/6 levels left

rFire    . . .     SeeInvis +   a - +1 dagger
rCold    + . .     Gourm    .   (no shield)
rNeg     + + .     Faith    .   b - +0 robe
rPois    +         Spirit   .   c - +0 helmet
rElec    .         Reflect  .   h - +0 cloak
rCorr    .         Harm     .   (no gloves)
MR       .....                  (no boots)
Stlth    ++++......             (no amulet)
HPRegen  0.04/turn              (no ring)
MPRegen  0.10/turn              (no ring)

@: regenerating slowly
A: fangs 3, see invisible, unbreathing
a: Bat Form


You were on level 2 of the Dungeon.
You were near bloodless.

You visited 1 branch of the dungeon, and saw 2 of its levels.

You collected 31 gold pieces.

Inventory:

Hand Weapons
 a - a +1 dagger (weapon)
Armour
 b - a +0 robe (worn)
 c - a +0 helmet (worn)
   (You found it on level 1 of the Dungeon)
 g - a +0 buckler
   (You found it on level 1 of the Dungeon)
 h - a +0 cloak (worn)
   (You found it on level 1 of the Dungeon)
Scrolls
 e - 2 scrolls of immolation {unknown}
 j - 2 scrolls of teleportation {unknown}
 k - a scroll of remove curse {unknown}
Potions
 d - 17 potions of blood {@q1}
 f - a potion of agility {unknown}
 i - a potion of might {unknown}
 l - a potion of degeneration {unknown}
 m - a potion of heal wounds {unknown}


   Skills:
 - Level 1.1 Short Blades
 - Level 2.1 Dodging
 + Level 5.6 Stealth
 + Level 1.0 Shields
 - Level 2.0 Spellcasting
 + Level 5.4 Hexes
 + Level 1.2 Ice Magic


You couldn't memorise any spells.
You knew the following spells:

 Your Spells              Type           Power        Failure   Level  Hunger
a - Corona                Hex            ###....      1%          1    #......
b - Ensorcelled Hibernat  Hex/Ice        ##....       7%          2    ###....
c - Confuse               Hex            ###.....     6%          3    ###....

Your spell library contained the following spells:

 Spells                   Type           Power        Failure   Level  Hunger
 Tukima's Dance           Hex            ###.....     6%          3    ###....
 Dazzling Spray           Conj/Hex       ##....       19%         3    ###....


Dungeon Overview and Level Annotations

Branches:
Dungeon (2/15)

Altars:

Annotations:
D:2 Crazy Yiuf


Innate Abilities, Weirdness & Mutations

You heal slowly.
You have razor-sharp teeth.
You have supernaturally acute eyesight. (SInv)
You can survive without breathing.


Message History

Casting: Ensorcelled Hibernation (safe; 7% risk of failure)
Confirm with . or Enter, or press ? or * to list all spells.
Aiming: Ensorcelled Hibernation (safe; 7% risk of failure)
Press: ? - help, Shift-Dir - straight line, f/p - jackal
Aim: a jackal (chance to defeat MR: 62%)
The jackal looks drowsy...
The helpless jackal fails to defend itself.
You bite the jackal, and draw its blood!
You feel better.
You feel slightly less thirsty.
You impale the jackal!!
You kill the jackal!
Your Shields skill increases to level 1!
You bottle the corpse's blood.
d - 16 potions of blood {@q1} (gained 1)
Your magical contamination has completely faded away.
You see here a jackal corpse.
You bottle the corpse's blood.
d - 17 potions of blood {@q1} (gained 1)
A frilled lizard comes into view.
A giant cockroach comes into view.
Casting: Ensorcelled Hibernation (safe; 7% risk of failure)
Confirm with . or Enter, or press ? or * to list all spells.
You can't see any susceptible monsters within range! (Use Z to cast anyway.)
The helpless frilled lizard fails to defend itself.
You bite the frilled lizard, and draw its blood!
You feel slightly less thirsty.
You impale the frilled lizard!!
You kill the frilled lizard!
You see here 21 stones.
Found a stone staircase leading down.
There is a stone staircase leading down here.
The giant cockroach is too close now for your liking.
The helpless giant cockroach fails to defend itself.
You impale the giant cockroach!!
You kill the giant cockroach!
You see here a giant cockroach corpse.
Key pressed, stopping explore.
There is a stone staircase leading up here.
There is an open door here.
Found a glowing mace.
You see here a glowing mace.
You see here a mace.
You see here a mace.
You see here a mace.
You see here a mace.
You see here a mace.
You see here a mace.
You see here a mace.
You see here a glowing mace.
Key pressed, stopping explore.
Unknown command.
You see here a glowing mace.
You see here a mace.
You see here a mace.
You see here a mace.
You see here a mace.
You open the door.
Marking area around Crazy Yiuf as unsafe for travelling.
Crazy Yiuf the Enlightened comes into view.
He is wielding a quarterstaff of chaos.
Unknown command.
Unknown command.
Crazy Yiuf shouts!
There is an open door here.
Casting: Ensorcelled Hibernation (safe; 7% risk of failure)
Confirm with . or Enter, or press ? or * to list all spells.
Aiming: Ensorcelled Hibernation (safe; 7% risk of failure)
Press: ? - help, Shift-Dir - straight line, f - Crazy Yiuf
Aim: Crazy Yiuf, wielding a quarterstaff of chaos and wearing an embroidered cloak (chance to defeat MR: 52%) Crazy Yiuf resists with significant effort.
Casting: Ensorcelled Hibernation (safe; 7% risk of failure)
Confirm with . or Enter, or press ? or * to list all spells.
Aiming: Ensorcelled Hibernation (safe; 7% risk of failure)
Press: ? - help, Shift-Dir - straight line, f/p - Crazy Yiuf
Aim: Crazy Yiuf, wielding a quarterstaff of chaos and wearing an embroidered cloak (chance to defeat MR: 52%) Crazy Yiuf looks drowsy...
Marking area around Crazy Yiuf as unsafe for travelling.
The helpless Crazy Yiuf fails to defend himself.
You bite Crazy Yiuf, and draw his blood!
You feel slightly less thirsty.
You puncture Crazy Yiuf!
Crazy Yiuf is severely wounded.
Crazy Yiuf hits you with a quarterstaff of chaos!
You barely miss Crazy Yiuf. You bite Crazy Yiuf, but do no damage.
Crazy Yiuf is severely wounded.
Crazy Yiuf hits you but does no damage.
Unknown command.
You hit Crazy Yiuf but do no damage.
Crazy Yiuf is severely wounded.
Crazy Yiuf hits you with a quarterstaff of chaos.
You are electrocuted!
* * * LOW HITPOINT WARNING * * *
Unknown command.
Unknown command.
You hit Crazy Yiuf but do no damage.
Crazy Yiuf is severely wounded.
Crazy Yiuf closely misses you.
Unknown command.
You see here a mace.
You see here a mace.
You closely miss Crazy Yiuf.
Crazy Yiuf is severely wounded.
Crazy Yiuf hits you with a quarterstaff of chaos.
You die...

#.##...# #.# #.##<# #.##...#
#.# #..#.# #.....## ###
##.#.###### ####..#
#.#....... #########
#.#######. .......# ####
####..# #. .#####.# #)))###
##.....# #. .....#.#
#.))'g####......# #.
.##.##.#
#)))##@)#).....#######.
###.##.# ####
###)#)...##....... #.##<#
#########.###### #.##.# #.#
#.##.# #.# #.##.# #.#
###....# #.# .....### #.#
####.#####################.#


You could see Crazy Yiuf.

Vanquished Creatures
  An adder (D:2)
  3 dart slugs
  A leopard gecko (D:1)
  7 giant cockroaches
  4 hobgoblins
  8 jackals (D:2)
  7 bats (D:1)
  2 frilled lizards (D:2)
  3 goblins
  4 kobolds (D:1)
  3 rats (D:1)
43 creatures vanquished.

Notes
Turn   | Place    | Note
-------+----------+-------------------------------------------
     0 | D:1      | Mgcat the Vampire Enchanter began the quest for the Orb.
     0 | D:1      | Reached XP level 1. HP: 13/13 MP: 3/3
   256 | D:1      | Reached XP level 2. HP: 17/19 MP: 5/5
   258 | D:1      | Reached skill level 5 in Stealth
   277 | D:1      | Learned a level 2 spell: Ensorcelled Hibernation
   377 | D:1      | Reached skill level 5 in Hexes
   889 | D:1      | Reached XP level 3. HP: 24/24 MP: 1/6
  1334 | D:2      | Learned a level 3 spell: Confuse
  1468 | D:2      | Reached skill level 1 in Ice Magic
  1559 | D:2      | Reached skill level 1 in Shields
  1686 | D:2      | Found a runed door.
  1752 | D:2      | Noticed Crazy Yiuf
  1758 | D:2      | HP: 2/24 [Crazy Yiuf/quarterstaff of chaos (8)]
  1762 | D:2      | Slain by Crazy Yiuf

Vault maps used:
D:1:      moated_graveyard_arrival
D:2:      first_ration, uniq_crazy_yiuf_cottage

Skill      XL: |  1  2  3 |
---------------+----------+-----
Stealth        | 5 |  5.6
Hexes          | 5 |  5.4
Ice Magic      | 1 |  1.2
Shields        | 1 |  1.0
Short Blades   | |  1.1
Dodging        | |  2.1
Spellcasting   | |  2.0

Action                   || total
-------------------------++-------
Melee: Dagger            ||   111
       Bite              ||     7
 Cast: Corona            ||     5
       Ensorcelled Hiber ||    18
 Stab: Sleeping          ||    28
Armor: Robe              ||    31
Dodge: Dodged            ||    63

Table legend:
 A = Spawn XP
 B = Non-spawn XP
 C = Spawn XP percentage of total XP
 D = Spawn monster count
 E = Non-spawn monster count
 F = Spawn count percentage of total count
 G = Total turns spent on level
                    A         B        C        D         E        F      G
               +---------+---------+-------+---------+---------+-------+---------
         Total |       0 |      91 |   0.0 |       0 |      43 |   0.0 |  1762
               +---------+---------+-------+---------+---------+-------+---------
           D:1 |       0 |      43 |   0.0 |       0 |      25 |   0.0 |   979
           D:2 |       0 |      48 |   0.0 |       0 |      18 |   0.0 |   783
               +---------+---------+-------+---------+---------+-------+---------

Vault maps used:
D:1:      moated_graveyard_arrival
D:2:      first_ration, uniq_crazy_yiuf_cottage

Table legend:
 A = Turns spent in this place as a percentage of turns spent in the entire game.
 B = Non-inter-level travel turns spent in this place as a percentage of non-inter-level travel turns spent in the entire game.
 C = Inter-level travel turns spent in this place as a percentage of turns spent in this place.
 D = Turns resting spent in this place as a percentage of non-inter-level travel turns spent in this place.
 E = Turns spent auto-exploring this place as a percentage of non-inter-level travel turns spent in this place.
 F = Non-inter-level travel turns spent in this place divided by the number of levels of this place that you've seen.
                   A       B       C       D       E      F
               +-------+-------+-------+-------+-------+----------------------
         Total | 100.0 | 100.0 |   2.4 |   0.0 |  78.5 | 860.0
       Dungeon | 100.0 | 100.0 |   2.4 |   0.0 |  78.5 | 860.0
               +-------+-------+-------+-------+-------+----------------------

Table legend:
 A = Kills in this place as a percentage of kills in entire the game.
 B = Kills by you in this place as a percentage of kills by you in the entire game.
 C = Kills by friends in this place as a percentage of kills by friends in the entire game.
 D = Other kills in this place as a percentage of other kills in the entire game.
 E = Experience gained in this place as a percentage of experience gained in the entire game.
 F = Experience gained in this place divided by the number of levels of this place that you have seen.
                   A       B       C       D       E      F
               +-------+-------+-------+-------+-------+----------------------
         Total | 100.0 | 100.0 |   N/A |   N/A | 100.0 |  45.5
       Dungeon | 100.0 | 100.0 |   N/A |   N/A | 100.0 |  45.5
               +-------+-------+-------+-------+-------+----------------------
